 Dungeon Crawl Stone Soup version 0.29.0-10-g45618ea6d2 (webtiles) character file.

Game seed: 18190952564193653379

31 Sabo the Gusty (level 3, -10/19 HPs)
             Began as a Gargoyle Air Elementalist on Sept 1, 2022.
             Was a Believer of Lugonu.
             Killed from afar by Sigmund (11 damage)
             ... with a magic dart
             ... on level 2 of the Dungeon.
             The game lasted 00:10:48 (1967 turns).

Sabo the Gusty (Gargoyle Air Elementalist)          Turns: 1967, Time: 00:10:49

Health: -10/19     AC:  6    Str: 11    XL:     3   Next: 22%
Magic:  3/6        EV: 12    Int: 17    God:    Lugonu [**....]
Gold:   101        SH:  0    Dex: 10    Spells: 5/6 levels left

rFire   . . .      SeeInvis .   k - +0 spear
rCold   . . .      Faith    .   (no shield)
rNeg    + . .      Spirit   .   a - +0 robe
rPois   ∞          Reflect  .   (no helmet)
rElec   +          Harm     .   (no cloak)
rCorr   .          Rampage  .   j - +0 pair of gloves
Will    .....                   (no boots)
Stlth   ++........              (no amulet)
HPRegen 0.06/turn               (no ring)
MPRegen 0.10/turn               (no ring)

@: no status effects
A: sickness immunity, AC +3, negative energy resistance 1, electricity
resistance, torment resistance 1, petrification resistance
a: Renounce Religion, Depart the Abyss, Bend Space


You were on level 2 of the Dungeon.
You worshipped Lugonu.
Lugonu was pleased with you.
You visited 1 branch of the dungeon, and saw 2 of its levels.

You collected 101 gold pieces.

Inventory:

Hand Weapons
 f - a +0 short sword
 k - a +0 spear (weapon)
Missiles
 g - 4 javelins (quivered)
Armour
 a - a +0 robe (worn)
 j - a +0 pair of gloves (worn)
Magical Staves
 m - a staff of poison
Scrolls
 c - 2 scrolls of identify {unknown}
 i - a scroll of blinking {unknown}
 l - a scroll of fear {unknown}
Potions
 b - a potion of magic
 d - a potion of attraction {unknown}
 e - a potion of ambrosia {unknown}
 h - 3 potions of curing {unknown}
 n - a potion of brilliance {unknown}


   Skills:
 + Level 1.8 Dodging
 + Level 2.3 Stealth
 + Level 0.4 Unarmed Combat
 + Level 2.2 Spellcasting
 + Level 1.4 Conjurations
 + Level 3.0 Air Magic


You had 5 spell levels left.
You knew the following spells:

 Your Spells              Type           Power      Damage    Failure   Level
a - Shock                 Conj/Air       36%        1d5       8%          1

Your spell library contained the following spells:

 Spells                   Type           Power      Damage    Failure   Level
 Static Discharge         Conj/Air       9%         3-5/arc   12%         2
 Swiftness                Air            12%        N/A       17%         3
 Frozen Ramparts          Ice            2%         1d1       50%         3
 Airstrike                Air            6%         2d(1-17)  50%         4
 Ice Form                 Ice/Tmut       1%         N/A       88%         4
 Summon Ice Beast         Ice/Summ       1%         N/A       88%         4
 Lightning Bolt           Conj/Air       4%         1d16      91%         5
 Maxwell's Capacitive Co  Air            6%         ∞         100%        8


Dungeon Overview and Level Annotations

Branches:
Dungeon (2/15)

Altars:
Lugonu

Annotations:
D:2 Sigmund


Innate Abilities, Weirdness & Mutations

You are immune to sickness and miasma.
Your stone body is resilient. (AC +3)
You are immune to poison.
You resist negative energy. (rN+)
You are resistant to electric shocks. (rElec)
You are resistant to unholy torment.
You are immune to petrification.


Message History

Press: ? - help, Shift-Dir - straight line, f/p - Sigmund
Aim: Sigmund, wielding a +0 scythe and wearing a +0 robe (lightly wounded, 64% to hit)
You miscast Shock.
Nothing appears to happen.
Sigmund hits you from afar with a +0 scythe.
Found a hand axe and a ring mail.
Okay, then.
You hit Sigmund.
Sigmund is lightly wounded.
Sigmund hits you with a +0 scythe.
You hit Sigmund.
Sigmund is moderately wounded.
Sigmund completely misses you.
You barely miss Sigmund.
Sigmund is moderately wounded.
You hit Sigmund.
Sigmund is heavily wounded.
Sigmund closely misses you.
You closely miss Sigmund.
Sigmund is heavily wounded.
Sigmund mumbles some strange words.
Sigmund flickers and vanishes!
Deactivating autopickup; reactivate with Ctrl-A.
You closely miss something.
You hear some strange, mumbled words.
You are confused.
Something hits you. Something hits you.
Your magical contamination has completely faded away.
You miss something. Something hits you.
* * * LOW HITPOINT WARNING * * *
Something hits you but does no damage.
You feel less confused.
You hear some strange, mumbled words.
Something tries to affect you, but you resist.
You hear some strange, mumbled words.
A magic dart appears from out of thin air!
The magic dart hits you!
Ouch! That really hurt!
You die...

#..........##.###..#....
#.......... #...........
#....[.)..# #........
#.........# #..##....
#.........######..##....
#.........##......# ...
#.........#..####.##....
#.........#.#####..#....
##.....@{.......#.......
##.....#...............
###.##.............)..
#. #................ ..
#................ ...
#...).......##### ....
#...........####. .....
........(......#. ######
..........###...


There were no monsters in sight!

Vanquished Creatures
  2 dart slugs (D:1)
  3 bats
  4 endoplasms (D:1)
  2 giant cockroaches
  A goblin (D:2)
  A hobgoblin (D:1)
  2 quokkas (D:1)
  4 ball pythons
  4 frilled lizards
  A kobold (D:1)
  2 rats (D:1)
26 creatures vanquished.

Notes
Turn   | Place    | Note
-------+----------+-------------------------------------------
     0 | D:1      | Sabo the Gargoyle Air Elementalist began the quest for the
                  | Orb.
     0 | D:1      | Reached XP level 1. HP: 10/10 MP: 3/3
   210 | D:1      | Reached XP level 2. HP: 15/15 MP: 1/5
   861 | D:1      | Found a faded altar of an unknown god.
   885 | D:1      | Noticed an eye of devastation
   885 | D:1      | Noticed a floating eye
   886 | D:1      | Noticed an eye of devastation
   886 | D:1      | Noticed an eye of devastation
   891 | D:1      | Prayed at the altar of an unknown god.
   891 | D:1      | Became a worshipper of Lugonu the Unformed
   891 | D:1      | Reached * piety under Lugonu
   891 | D:1      | Reached ** piety under Lugonu
  1258 | D:1      | Reached XP level 3. HP: 19/19 MP: 2/6
  1762 | D:2      | Reached skill level 3 in Air Magic
  1946 | D:2      | Noticed Sigmund
  1967 | D:2      | Killed from afar by Sigmund

Illustrated notes

Levels and vault maps discovered:
D:1:      dpeg_arrival_pits, layout_basic,
          hellmonk_ecumenical_altar_watching_god, grunt_decor_resistance
D:2:      layout_rooms, uniq_sigmund, uniq_jessica

Skill      XL: |  1  2  3 |
---------------+----------+-----
Air Magic      | 3 |  3.0
Dodging        | |  1.8
Stealth        | |  2.3
Unarmed Combat | |  0.4
Spellcasting   | |  2.2
Conjurations   | |  1.4

Action                   || total
-------------------------++-------
Melee: Unarmed           ||    13
       Short sword       ||    18
       Spear             ||     7
 Cast: Shock             ||    45
 Stab: Sleeping          ||     1
Armor: Robe              ||     8
Dodge: Dodged            ||    17
